 Dungeon Crawl Stone Soup version 0.28-a0-390-gb254ac4902 (webtiles) character file.

Game seed: 2645492383808358573

248 Goblin1989 the Slasher (level 6, -1/46 HPs)
             Began as a Djinni Cinder Acolyte on Sept 3, 2021.
             Was a High Priest of Ignis.
             Slain by Sigmund (5 damage)
             ... on level 4 of the Dungeon.
             The game lasted 00:07:23 (4197 turns).

Goblin1989 the Slasher (Djinni Cinder Acolyte)      Turns: 4197, Time: 00:07:23

Health: -1/46      AC: 12    Str: 15    XL:     6   Next: 34%
Gold:   190        EV:  6    Int: 15    God:    Ignis [*****.] SH:  0 Dex:  9

rFire   + + +      SeeInvis .   a - -1 falchion (flame)
rCold   x . .      Faith    .   (no shield)
rNeg    . . .      Spirit   .   f - +2 chain mail {Will+}
rPois   ∞          Reflect  .   (no helmet)
rElec   .          Harm     .   (no cloak)
rCorr   .          Rampage  .   j - +0 pair of gloves
Will    +....                   (boots unavailable)
Stlth   ..........              (no amulet)
HPRegen 0.15/turn               (no ring)
MPRegen 0.00/turn               (no ring)

@: flying
A: sickness immunity, fire resistance 2, cold vulnerability 1, float, innate
caster, hp casting, extra vitality 1
a: Renounce Religion, Sea of Fire, Foxfire Swarm, Rising Flame


You were on level 4 of the Dungeon.
You worshipped Ignis.
Ignis was extremely pleased with you.
You visited 1 branch of the dungeon, and saw 4 of its levels.
You also visited: Sewer.

You collected 190 gold pieces.

Inventory:

Hand Weapons
 a - a -1 falchion of flaming (weapon)
Missiles
 i - 7 atropa-tipped darts
 Z - 2 throwing nets {!d , @Q1}
Armour
 f - a +2 chain mail of willpower (worn)
 j - a +0 pair of gloves (worn)
Wands
 U - a wand of charming (8)
Scrolls
 R - 3 scrolls of identify {@r1}
 S - a scroll of fog {unknown}
 T - a scroll of teleportation
 X - 2 scrolls of enchant armour {unknown}
Potions
 d - 2 potions of heal wounds {@q2}
 g - a potion of magic {unknown}
 h - a potion of curing {unknown}
 l - 2 potions of attraction {unknown}
 V - a potion of ambrosia {unknown}
 Y - a potion of brilliance {unknown}


   Skills:
 + Level 3.0 Fighting
 * Level 5.0 Long Blades
 + Level 3.4 Armour
 - Level 2.4 Spellcasting


You had 4 spell levels left.
You knew the following spells:

 Your Spells              Type           Power      Damage    Failure   Level
a - Scorch                Fire           18%        2d6       93%         2
b - Beastly Appendage     Tmut           18%        N/A       83%         1
c - Call Imp              Summ           9%         N/A       93%         2
Your spell library was empty.

Dungeon Overview and Level Annotations

Branches:
Dungeon (4/15)             Temple (0/1) D:4           Sewer (visited)

Altars:

Annotations:
D:4 Sigmund


Innate Abilities, Weirdness & Mutations

You are immune to sickness and miasma.
You are immune to poison.
Your flesh is very heat resistant. (rF++)
You are vulnerable to cold. (rC-)
You float through the air rather than walking.
You learn spells naturally, not from books.
Your magical power is your life essence.
You have superior vitality. (+4 HP)


Message History

You see here a hobgoblin skeleton.
There is a stone staircase leading up here.
You fly upwards.
There is a stone staircase leading down here.
You fly downwards.
There is a stone staircase leading up here.
(D) Dungeon
Where to? (Enter - D:2, ? - help)
There is a stone staircase leading down here.
You fly downwards.
The hobgoblin shouts!
The iguana hisses angrily.
You hear a shout!
Found 8 gold pieces.
There is a stone staircase leading up here.
There are monsters nearby!
Unknown command.
Found a scroll labelled CYOCKEM HOZUM.
Found 7 gold pieces.
Found 22 stones.
You barely miss the hobgoblin.
Sigmund the Dreaded comes into view.
He is wielding a +0 scythe.
The hobgoblin barely misses you.
Found a stone staircase leading down.
A giant cockroach comes into view.
The hobgoblin hits you but does no damage.
Sigmund gestures wildly while chanting.
Sigmund flickers and vanishes!
Deactivating autopickup; reactivate with Ctrl-A.
You hit the giant cockroach but do no damage.
The hobgoblin hits you but does no damage.
The giant cockroach barely misses you.
The hobgoblin hits you but does no damage.
The giant cockroach bites you but does no damage.
Something hits you!
You take 7 damage, and have 39/46 hp.
An endoplasm comes into view.
Found a staircase to the Ecumenical Temple.
The giant cockroach bites you.
You take 1 damage, and have 38/46 hp.
Unknown command.
Flames leap up around you! The hobgoblin barely misses you.
The giant cockroach bites you but does no damage.
The foxfire hits the endoplasm.
The endoplasm is almost dead.
The foxfire hits the iguana but does no damage.
Unknown command.
Your foxfire dissipates!
The foxfire hits the iguana.
The iguana is lightly wounded.
The foxfire hits the endoplasm.
You kill the endoplasm!
The foxfire hits the iguana.
The iguana is moderately wounded.
The foxfire hits the iguana but does no damage.
The iguana is moderately wounded.
The foxfire hits the hobgoblin.
The hobgoblin is severely wounded.
The foxfire hits the iguana but does no damage.
The iguana is moderately wounded.
The foxfire hits the hobgoblin.
The hobgoblin is almost dead.
The foxfire hits something.
The foxfire hits the hobgoblin but does no damage.
The hobgoblin is almost dead.
The foxfire hits the hobgoblin.
You kill the hobgoblin!
The foxfire hits the iguana.
The iguana is heavily wounded.
The foxfire hits the iguana.
The iguana is severely wounded.
The foxfire hits the iguana.
The iguana is severely wounded.
The foxfire hits something. x2
Your Long Blades skill increases to level 5!
Unknown command.
You closely miss the giant cockroach.
The giant cockroach bites you but does no damage.
Something hits you!
The giant cockroach bites you but does no damage.
You take 11 damage, and have 28/46 hp.
MASSIVE DAMAGE!!
You slash the giant cockroach! You burn the giant cockroach.
You kill the giant cockroach!
Something hits you but does no damage. The iguana bites you!
* * * LOW HITPOINT WARNING * * *
You take 10 damage, and have 18/46 hp.
MASSIVE DAMAGE!!
You barely miss the iguana.
The iguana is severely wounded.
The iguana bites you!
* * * LOW HITPOINT WARNING * * *
Something hits you.
* * * LOW HITPOINT WARNING * * *
You take 8 damage, and have 10/46 hp.
You closely miss the iguana.
The iguana is severely wounded.
The iguana bites you!
* * * LOW HITPOINT WARNING * * *
You take 7 damage, and have 4/46 hp.
You hit the iguana but do no damage.
The iguana is severely wounded.
Something hits you.
You die...

....██
█.........█
....
██.....†.██
....
██.....██
....
█..█.8.██
█.......█
██..8.>.8██
..........█
█....█.8l█.█
███.....@█.█
█........█
█......███
█......█


████████ You could see an iguana.

Vanquished Creatures
  A water moccasin (Sewer)
  5 adders
  3 worms
  2 dart slugs (D:2)
  5 orcs (D:3)
  5 ball pythons
  6 endoplasms
  6 giant cockroaches
  5 goblins
  10 hobgoblins
  2 jackals (Sewer)
  4 kobolds
  2 quokkas (D:1)
  6 bats
  4 frilled lizards
  6 rats
72 creatures vanquished.

Vanquished Creatures (collateral kills)
  A quokka (D:3)
1 creature vanquished.

Vanquished Creatures (others)
  25 foxfires
  2 plants (D:2)
27 creatures vanquished.

Grand Total: 100 creatures vanquished

Notes
Turn   | Place    | Note
-------+----------+-------------------------------------------
     0 | D:1      | Goblin1989 the Djinni Cinder Acolyte began the quest for
                  | the Orb.
     0 | D:1      | Reached XP level 1. HP: 20/20 MP: 0/0
   136 | D:1      | Reached skill level 3 in Long Blades
   201 | D:1      | Reached XP level 2. HP: 21/25 MP: 0/0
   497 | D:1      | Found a faded altar of an unknown god.
  1480 | D:1      | Reached XP level 3. HP: 21/30 MP: 0/0
  1480 | D:1      | Learned a level 1 spell: Beastly Appendage
  1918 | D:2      | Reached skill level 1 in Armour
  1986 | D:2      | Reached XP level 4. HP: 21/35 MP: 0/0
  1988 | D:2      | Reached skill level 4 in Long Blades
  2736 | D:3      | Reached XP level 5. HP: 5/40 MP: 0/0
  2736 | D:3      | Learned a level 2 spell: Call Imp
  2967 | D:3      | Found a glowing drain.
  2981 | Sewer    | Entered a sewer
  3163 | Sewer    | Noticed a water moccasin
  3184 | Sewer    | Killed a water moccasin
  3185 | Sewer    | Reached XP level 6. HP: 22/46 MP: 0/0
  4161 | D:4      | Noticed Sigmund
  4181 | D:4      | Found a staircase to the Ecumenical Temple.
  4185 | D:4      | Reached skill level 5 in Long Blades
  4197 | D:4      | Slain by Sigmund

Illustrated notes

Levels and vault maps discovered:
D:1:      dpeg_arrival_stone_temple_mockup, layout_basic,
          chequers_ecumenical_altar_island, hangedman_abyss_or_decor_stabs,
          glass_columns_a, kennysheep_nondescript
D:2:      cheibrodos_old_hovel, layout_rooms
D:3:      layout_loops_ring, portal_sewer_entry_a, kennysheep_generic_room_4
D:4:      layout_rooms, kennysheep_mini, minmay_temple_entry_statues_pillars,
          hangedman_decor_diamond_cutter, minmay_misc_feat_chi, minmay_bisected,
          uniq_sigmund

Skill      XL: |  1  2  3  4  5  6 |
---------------+-------------------+-----
Long Blades    | 3 4 5 |  5.0
Armour         | 1 2 3 |  3.4
Fighting       | |  3.0
Spellcasting   | |  2.4

Action                   |  1- 3 |  4- 6 || total
-------------------------+-------+-------++-------
Melee: Falchion          |   123 |   207 ||   330
Invok: Foxfire Swarm     |       |     2 ||     2
  Use: Scroll            |       |     5 ||     5
Armor: Robe              |    13 |       ||    13
       Chain mail        |    95 |   183 ||   278
Dodge: Dodged            |    64 |    72 ||   136

Table legend: (Time is in decaauts)
 A = Elapsed time spent in this place.
 B = Non-inter-level travel time spent in this place.
 C = Inter-level travel time spent in this place.
 D = Time resting spent in this place.
 E = Time spent auto-exploring this place.
 F = Levels seen in this place.
 G = Mean time per level.
                   A        B        C        D        E       F      G
               +--------+--------+--------+--------+--------+-----+--------+
         Total |   4232 |   4033 |    199 |    608 |   2408 |   5 |  846.4 |
       Dungeon |   3818 |   3619 |    199 |    422 |   2252 |   4 |  954.5 |
         Sewer |    413 |    413 |      0 |    186 |    156 |   1 |  413.0 |
               +--------+--------+--------+--------+--------+-----+--------+

Top non-repeatable levels by time:
     D:1: 1770 daAuts
     D:3: 1202 daAuts
     D:2: 802 daAuts
   Sewer: 413 daAuts
     D:4: 43 daAuts
